AoeStats
← nico89sfx

QS Arena

503421233Analyzed
1v1 RM · 1mo ago on Aug 31, 2026· 31m 35s· 2 players
Game mode
Random Map
Map size
Tiny (2 player)
Population
200
Speed
Normal
Resources
Standard
Victory
Conquest
Starting age
Dark Age
Ending age
Imperial Age
RankedLock teamsTeams togetherTeam positionsShared explorationLock speedFull tech treeHidden civsTurbo modeCheats
Victory
Defeat
🇳🇴 Poles · Norway
642
+16
🇦🇷 Spanish · Argentina
640
-16
nico89sfx
6:34 Loom
9:52 Feudal Age
10:26 Double-Bit Axe
10:24 Horse Collar
15:00 Wheelbarrow
15:01 Forging
18:10 Town Watch
18:20 Fletching
18:31 Scale Mail Armor
21:57 Castle Age
20:39 Bloodlines
21:31 Scale Barding Armor
21:27 Padded Archer Armor
22:29 Pikeman
22:34 Elite Skirmisher
24:54 Gold Mining
25:17 Bow Saw
27:40 Hand Cart
29:28 Stone Mining
32:01 Iron Casting
31:42 Chain Mail Armor
C-bag
8:22 Feudal Age
9:09 Double-Bit Axe
12:02 Castle Age
10:07 Horse Collar
12:47 Heavy Plow
12:58 Bow Saw
16:09 Wheelbarrow
24:05 Imperial Age
21:22 Loom
21:56 Hand Cart
21:54 Stone Mining
22:26 Gold Mining
23:49 Stone Shaft Mining
23:42 Husbandry
23:53 Bloodlines
24:52 Scale Barding Armor
24:57 Forging
24:13 Cavalier
25:38 Szlachta Privileges
25:57 Conscription
26:44 Forging
27:37 Chain Barding Armor
28:57 Iron Casting
29:48 Fletching
30:58 Blast Furnace
30:44 Town Watch
31:44 Town Patrol
Connection lost

Rejoining the realm…

Still unreachable

The connection could not be restored.

Session expired

The server has moved on; the page needs a fresh start.